 Dungeon Crawl Stone Soup version 0.31-a0-977-gc230f8ef24 (webtiles) character file.

Game seed: 7895006133045719727

97 skwerlee the Ruffian (level 5, -2/12 HPs)
             Began as a Djinni Shapeshifter on Oct 29, 2023.
             Slain by an orc
             ... wielding a +0 club
              (6 damage)
             ... on level 3 of the Dungeon.
             The game lasted 00:05:23 (2071 turns).

skwerlee the Ruffian (Djinni Shapeshifter)          Turns: 2071, Time: 00:05:23

Health: -2/12      AC:  0    Str: 15    XL:     5   Next: 0%
Gold:   99         EV: 12    Int: 11    God:
                   SH:  0    Dex: 13

rFire   + +          .
                       - Unarmed
rCold   x . .        (no shield)
rNeg    . . .        i - melded +3 leather armour of Maesoss {Dex+4}
rPois   ∞            (no helmet)
rElec   .            (no cloak)
rCorr   .            (no gloves)
SInv    .            (boots unavailable)
Will    .....        (no amulet)
Stlth   +            (no ring)
HPRegen 0.22/turn    (no ring)
MPRegen 0.00/turn

%: infuse magic (-3 HP)
@: maw-form, flying
A: devouring maw, flying, reduced hp, sickness immunity, fire resistance 2, cold
vulnerability 1, float, innate caster, HP casting, extra vitality 1
a: Begin Untransformation


You were on level 3 of the Dungeon.
You were a creature with a mouth for a stomach.
You visited 1 branch of the dungeon, and saw 3 of its levels.

You collected 99 gold pieces.

Inventory:

Armour
 a - a +0 animal skin
 i - the +3 leather armour of Maesoss (melded) {Dex+4}
   (You found it on level 2 of the Dungeon)

   Dex+4:     It affects your dexterity (+4).
Talismans
 c - a beast talisman
 d - a flux talisman
 m - a maw talisman (active)
Scrolls
 e - 2 scrolls of teleportation
 f - a scroll of identify {unknown}
 g - a scroll of blinking {unknown}
 k - a scroll of butterflies {unknown}
Potions
 b - a potion of lignification
 h - a potion of invisibility {unknown}
 j - a potion of might {unknown}
 l - a potion of heal wounds {unknown}


   Skills:
 + Level 1.2 Fighting
 - Level 2.1 Dodging
 + Level 4.2 Unarmed Combat
 * Level 1.0 Spellcasting
 * Level 1.0 Conjurations
 * Level 1.0 Hexes
 * Level 1.0 Summonings
 * Level 1.0 Necromancy
 * Level 1.0 Translocations
 * Level 1.0 Transmutations
 * Level 1.0 Fire Magic
 * Level 1.0 Ice Magic
 * Level 1.0 Air Magic
 * Level 1.0 Earth Magic
 * Level 1.0 Poison Magic
 + Level 3.3 Shapeshifting


You knew the following spells:

 Your Spells              Type           Power      Damage    Failure   Level
a - Foxfire               Conj/Fire      8%         2x1d4     22%         1
b - Lesser Beckoning      Tloc           4%         N/A       32%         2
Your spell library was empty.

Dungeon Overview and Level Annotations

Branches:
Dungeon (3/15)

Altars:


Innate Abilities, Weirdness & Mutations

You are a creature with a mouth for a stomach.
Your midsection houses a second, enormous mouth.
You are flying.
Your maximum health is decreased, since you lack skill for your form.
You are immune to sickness and miasma.
You are immune to poison.
Your flesh is very heat resistant. (rF++)
You are vulnerable to cold. (rC-)
You float through the air rather than walking.
You learn spells naturally, not from books.
Your magical power is your life essence.
You have superior vitality. (+4 MHP)


Message History

The endoplasm is moderately wounded.
You hit the endoplasm.
The endoplasm is heavily wounded.
The endoplasm closely misses you.
You punch the endoplasm!
You kill the endoplasm!
You have reached level 5!
The power to cast Lesser Beckoning wells up from within.
Spell assigned to 'b'.
An orc comes into view. It is wielding a +0 dagger.
You see here 2 yellow potions.
An orc is nearby!
An orc comes into view. It is wielding a +0 trident.
The orc shouts!
An orc comes into view. It is wielding a +0 club.
There are monsters nearby!
The orc shouts!
There are monsters nearby!
An orc comes into view. It is wielding a +0 short sword.
The orc hits you with a +0 dagger. The orc attacks as it pursues you!
The orc hits you with a +0 dagger.
You hit the orc.
The orc is heavily wounded.
The orc hits you with a +0 dagger.
* * * LOW HITPOINT WARNING * * *
You barely miss the orc.
The orc is heavily wounded.
The orc shouts!
The orc hits you with a +0 dagger.
* * * LOW HITPOINT WARNING * * *
You hit the orc.
The orc is severely wounded.
The orc barely misses you. The orc hits you with a +0 dagger.
* * * LOW HITPOINT WARNING * * *
You hit the orc but do no damage. You punch the orc.
You devour the orc!
You feel better.
You kill the orc!
The orc hits you with a +0 club.
Ouch! That really hurt!
You die...

### ..# #.# #####
###.## #.##.#######
....######.# ........
#####..#......###o..###
...##..#.###..#.W).oo.#
##.......#
#.!...........
####..#.#
#.##.......#.#
#..#.....####...###
#...###.### #...# #.#.#
#.# ##### ..... . #
##...## #..##


You could see 3 orcs.

Vanquished Creatures
  Terence (D:2)
  A gnoll (D:1)
  2 dart slugs
  2 orcs
  3 bats
  7 endoplasms
  2 giant cockroaches
  6 goblins
  8 hobgoblins
  3 jackals (D:1)
  3 kobolds (D:1)
  3 quokkas
  3 ball pythons (D:1)
  3 frilled lizards (D:1)
  5 rats
52 creatures vanquished.

Vanquished Creatures (others)
  62 foxfires
62 creatures vanquished.

Grand Total: 114 creatures vanquished

Notes
Turn   | Place    | Note
-------+----------+-------------------------------------------
     0 | D:1      | skwerlee the Djinni Shapeshifter began the quest for the
                  | Orb.
     0 | D:1      | Reached XP level 1. HP: 17/17 MP: 0/0
    81 | D:1      | Reached XP level 2. HP: 18/22 MP: 0/0
   322 | D:1      | Reached XP level 3. HP: 12/27 MP: 0/0
   322 | D:1      | Learned a level 1 spell: Foxfire
  1098 | D:1      | Reached XP level 4. HP: 32/32 MP: 0/0
  1428 | D:2      | Noticed Terence
  1441 | D:2      | Killed Terence
  1442 | D:2      | Reached skill level 4 in Unarmed Combat
  1552 | D:2      | Identified the +3 leather armour of Maesoss {Dex+4}
  1832 | D:2      | Reached skill level 1 in Spellcasting
  1832 | D:2      | Reached skill level 1 in Conjurations
  1832 | D:2      | Reached skill level 1 in Hexes
  1832 | D:2      | Reached skill level 1 in Summonings
  1832 | D:2      | Reached skill level 1 in Necromancy
  1832 | D:2      | Reached skill level 1 in Translocations
  1832 | D:2      | Reached skill level 1 in Transmutations
  1832 | D:2      | Reached skill level 1 in Fire Magic
  1832 | D:2      | Reached skill level 1 in Ice Magic
  1832 | D:2      | Reached skill level 1 in Air Magic
  1832 | D:2      | Reached skill level 1 in Earth Magic
  1832 | D:2      | Reached skill level 1 in Poison Magic
  2055 | D:3      | Reached XP level 5. HP: 12/37 MP: 0/0
  2055 | D:3      | Learned a level 2 spell: Lesser Beckoning
  2071 | D:3      | Slain by an orc

Illustrated notes

Levels and vault maps discovered:
D:1:      roadster_arrival_rocket_small, layout_loops_ring
D:2:      layout_basic, roderic_nine_men_s_morris, minmay_tetromino_o4,
          uniq_terence
D:3:      minmay_diamond_boxcup, layout_loops_ring,
          mainiacjoe_overflow_six_doors_small, mainiacjoe_overflow_divided_tiny,
          nicolae_ecumenical_lake_church

Skill      XL: |  1  2  3  4 |
---------------+-------------+-----
Shapeshifting  | 3 |  3.3
Unarmed Combat | 4 |  4.2
Spellcasting   | 1 |  1.0
Conjurations   | 1 |  1.0
Hexes          | 1 |  1.0
Summonings     | 1 |  1.0
Necromancy     | 1 |  1.0
Translocations | 1 |  1.0
Transmutations | 1 |  1.0
Fire Magic     | 1 |  1.0
Ice Magic      | 1 |  1.0
Air Magic      | 1 |  1.0
Earth Magic    | 1 |  1.0
Poison Magic   | 1 |  1.0
Fighting       | |  1.2
Dodging        | |  2.1

Action                     |  1- 3 |  4- 6 || total
---------------------------+-------+-------++-------
  Melee: Unarmed           |    64 |    49 ||   113
         Punch             |     1 |     2 ||     3
         Maw               |       |     1 ||     1
   Cast: Foxfire           |    31 |     6 ||    37
    Use: Scroll            |       |     1 ||     1
 Armour: Animal skin       |    27 |     4 ||    31
         Leather armour    |       |    12 ||    12
         Skin              |       |     6 ||     6
  Dodge: Dodged            |    43 |    20 ||    63
   Form: Maw               |       |     1 ||     1

Table legend: (Time is in decaauts)
 A = Elapsed time spent in this place.
 B = Non-inter-level travel time spent in this place.
 C = Inter-level travel time spent in this place.
 D = Time resting spent in this place.
 E = Time spent auto-exploring this place.
 F = Levels seen in this place.
 G = Mean time per level.
                   A        B        C        D        E       F      G
               +--------+--------+--------+--------+--------+-----+--------+
         Total |   2062 |   2029 |     33 |    498 |   1147 |   3 |  687.3 |
       Dungeon |   2062 |   2029 |     33 |    498 |   1147 |   3 |  687.3 |
               +--------+--------+--------+--------+--------+-----+--------+

Top non-repeatable levels by time:
     D:1: 1320 daAuts
     D:2: 674 daAuts
     D:3: 67 daAuts
